Map: Deathaura LE

Players

PoNinaBox

  • Race: Protoss Protoss
  • League: Master
  • Spawn Location: 11:00

Nordres - Winner!

  • Race: Zerg Zerg
  • League: Master
  • Spawn Location: 5:00

VOD

Have the link to the VOD?

Description

Time

  • Played on: Jan. 31, 2021, 6:43 p.m.
  • Length: 12:36
Show
View Real Time Build Order
Export as new Build Order

PoNinaBox Protoss 

Build Orders: Cannon Rush 

Get SALT Encoding   

  12  0:01  Probe  
  13  0:13  Probe  
  14  0:19  Pylon  
  14  0:25  Probe  
  15  0:38  Probe  
  15  0:41  Forge  
  16  0:50  Probe  
  16  0:53  Pylon  
  17  1:02  Probe  
  18  1:15  Photon Cannon  
  18  1:30  Pylon  
  18  1:37  Gateway  
  18  1:48  Photon Cannon  
  18  1:49  Photon Cannon  
  18  1:56  Photon Cannon  
  18  2:00  Photon Cannon  
  18  2:09  Photon Cannon  
  18  2:29  Nexus  
  18  2:32  Assimilator  
  18  2:41  Probe, Assimilator  
  19  2:51  Cybernetics Core  
  19  2:57  Probe  
  20  3:05  Zealot  
  22  3:09  Probe (Chrono Boost)  
  23  3:19  Probe (Chrono Boost)  
  24  3:24  Probe (Chrono Boost)  
  24  3:33  Stargate  
  24  3:37  Warp Gate (Chrono Boost)  
  24  3:39  Probe  
  25  3:42  Probe  
  26  3:48  Stalker (Chrono Boost)  
  26  3:53  Probe  
  29  4:03  Probe  
  29  4:05  Shield Battery  
  30  4:10  Stalker  
  32  4:19  Void Ray (Chrono Boost)  
  36  4:35  Pylon  
  36  4:46  Shield Battery, Void Ray (Chrono Boost)  
  40  5:12  Stalker  
  39  5:38  Stalker  
  39  5:39  Void Ray (Chrono Boost)  
  35  6:03  Gateway  
  35  6:06  Stalker, Gateway  
  37  6:22  Void Ray (Chrono Boost)  
  37  6:38  Shield Battery  
  37  6:39  Gateway  
  37  6:40  Stalker  
  35  7:07  Shield Battery  
  35  7:09  Shield Battery, Stalker  
  35  7:10  Stalker x2  
  39  7:22  Pylon  
  43  7:33  Probe x2  
  45  7:43  Zealot x2  
  45  7:44  Zealot x2  
  45  8:02  Pylon  
  45  8:06  Shield Battery  
  45  8:08  Zealot  
  43  8:27  Pylon  
  43  8:30  Stalker x2  
  42  8:46  Stalker  
  40  8:49  Pylon  
  40  8:58  Void Ray (Chrono Boost)  
  40  9:01  Pylon  
  40  9:11  Pylon  
  40  9:17  Pylon  
  36  9:19  Pylon  
  36  9:25  Probe  
  37  9:39  Stalker x2  
  40  9:47  Pylon  
  38  10:00  Stalker  
  34  10:08  Stalker x2  
  38  10:15  Probe  
  39  10:29  Stalker  
  45  10:47  Void Ray (Chrono Boost)  
  45  10:50  Stalker  
  45  10:51  Stalker  
  46  11:07  Pylon  
  46  11:16  Stalker x2  
  44  11:32  Stalker  
  36  11:43  Stalker x2  
  32  11:58  Stalker  
  38  12:11  Stalker  
  36  12:17  Pylon  
Show
View Real Time Build Order
Export as new Build Order

Nordres Zerg - Winner!

Build Orders: Hatch First 

Get SALT Encoding   

  12  0:00  Drone  
  13  0:12  Overlord  
  13  0:16  Drone  
  14  0:30  Drone x2  
  16  0:48  Hatchery  
  15  0:51  Drone  
  16  0:58  Drone x2  
  18  1:12  Extractor  
  18  1:14  Spawning Pool  
  18  1:18  Drone  
  17  1:20  Drone  
  18  1:29  Drone  
  19  1:48  Drone  
  20  2:21  Roach Warren  
  19  2:23  Extractor  
  19  2:29  Drone x3  
  21  2:31  Queen  
  22  2:41  Overlord  
  22  3:01  Hatchery  
  22  3:03  Overlord  
  21  3:19  Overlord  
  21  3:32  Roach x2  
  25  3:38  Roach  
  27  3:52  Ravager x2  
  29  4:00  Ravager  
  30  4:17  Queen  
  30  4:19  Roach  
  30  4:23  Roach x4  
  30  4:24  Roach  
  44  4:29  Overlord  
  44  4:42  Overlord  
  44  5:00  Queen  
  44  5:05  Drone x2  
  42  5:18  Ravager  
  42  5:20  Spore Crawler  
  41  5:24  Spore Crawler  
  41  5:26  Drone  
  32  5:45  Queen  
  32  5:58  Roach x3  
  32  6:00  Roach x3  
  44  6:15  Spore Crawler  
  41  6:27  Queen  
  43  6:36  Ravager  
  43  6:38  Ravager x4  
  48  6:45  Drone  
  48  6:46  Drone  
  50  7:04  Queen  
  50  7:07  Spine Crawler, Spore Crawler  
  50  7:22  Roach x2  
  52  7:23  Roach  
  52  7:26  Overlord  
  46  7:47  Queen  
  42  7:58  Ravager x2  
  42  7:59  Ravager  
  41  8:23  Queen  
  43  8:36  Roach x3  
  46  8:59  Queen  
  46  9:00  Drone x2  
  45  9:26  Spine Crawler  
  45  9:27  Spore Crawler  
  43  9:34  Queen  
  41  10:08  Roach  
  41  10:09  Roach x2  
  41  10:10  Queen  
  39  10:21  Roach  
  39  10:24  Roach  
  39  10:25  Roach x5  
  53  10:34  Ravager  
  53  10:35  Ravager x2  
  53  10:46  Queen  
  48  11:07  Roach x3  
  52  11:21  Queen  
  46  11:31  Ravager x3  
  41  11:50  Roach x3  
  41  11:52  Ravager x2  
Tags
 
Add a new tag
Caveats
  • Supply blocks, unpowered buildings, or Contaminate may cause inaccurate times.
  • Supply counts are checked every 10 seconds.